 Dungeon Crawl Stone Soup version 0.28-a0-957-g42eb19b844 (webtiles) character file.

Game seed: 6239357283897777006

2462 mainiacjoe the Summoner (level 9, -2/71 HPs)
             Began as a Human Summoner on Dec 1, 2021.
             Slain by a hornet (13 damage)
             ... on level 6 of the Dungeon.
             The game lasted 00:17:07 (5545 turns).

mainiacjoe the Summoner (Human Summoner)            Turns: 5545, Time: 00:17:08

Health: -2/71      AC:  8    Str:  8    XL:     9   Next: 79%
Magic:  0/13       EV: 14    Int: 21    God:
Gold:   220        SH:  0    Dex: 13    Spells: 4/14 levels left

rFire   . . .      SeeInvis .   f - +4 dagger
rCold   . . .      Faith    .   (no shield)
rNeg    . . .      Spirit   +   D - +0 steam dragon scales
rPois   .          Reflect  .   g - +2 helmet
rElec   .          Harm     .   (no cloak)
rCorr   .          Rampage  .   (no gloves)
Will    .....                   (no boots)
Stlth   ++........              m - amulet of guardian spirit
HPRegen 0.21/turn               (no ring)
MPRegen 0.13/turn               (no ring)

@: slowed, very slow
A: no striking features
a: no special abilities


You were on level 6 of the Dungeon.
You visited 1 branch of the dungeon, and saw 6 of its levels.

You collected 220 gold pieces.

Inventory:

Hand Weapons
 e - a +0 dagger
 f - a +4 dagger (weapon)
Missiles
 h - 11 javelins
 k - 78 stones (quivered)
 l - 19 bolts
 w - 84 arrows
 A - 42 sling bullets
Armour
 a - a +0 robe
 d - a +0 ring mail
 g - a +2 helmet (worn)
 s - the +3 salamander hide armour {Flames rF++ rC--}
   (You found it on level 4 of the Dungeon)

   It surrounds you with a cloud of flames.
   It grants immunity to clouds of flame.
   It enhances your fire magic.
   rF:        It greatly protects you from fire.
   rC:        It makes you very vulnerable to cold.
 D - +0 steam dragon scales (worn)
Jewellery
 i - an amulet of faith
 j - a ring of ice
 m - an amulet of guardian spirit (around neck)
 y - a ring of see invisible
 B - a ring of protection from fire
Wands
 r - a wand of mindburst (5)
 t - a wand of polymorph (8)
 z - a wand of digging (7)
Scrolls
 b - a scroll of magic mapping {unknown}
 x - a scroll of fear {unknown}
 C - a scroll of teleportation {unknown}
Potions
 c - a potion of might
 n - a potion of heal wounds
 o - a potion of mutation
 p - a potion of cancellation {unknown}
 q - a potion of flight {unknown}
 u - a potion of lignification
 v - a potion of curing
 E - a potion of invisibility {unknown}


   Skills:
 + Level 6.4 Fighting
 + Level 6.8 Dodging
 - Level 2.0 Stealth
 - Level 3.0 Spellcasting
 - Level 8.0 Summonings
 - Level 4.0 Air Magic


You had 4 spell levels left.
You knew the following spells:

 Your Spells              Type           Power      Damage    Failure   Level
a - Summon Small Mammal   Summ           100%       N/A       1%          1
b - Call Imp              Summ           36%        N/A       1%          2
c - Call Canine Familiar  Summ           36%        N/A       1%          3
d - Summon Lightning Spi  Summ/Air       28%        N/A       11%         4

Your spell library contained the following spells:

 Spells                   Type           Power      Damage    Failure   Level
 Summon Guardian Golem    Hex/Summ       19%        N/A       8%          3
 Foxfire                  Conj/Fire      12%        2x1d4     13%         1
 Conjure Flame            Conj/Fire      3%         6-21      36%         3
 Gell's Gravitas          Tloc           3%         N/A       36%         3
 Inner Flame              Hex/Fire       3%         N/A       36%         3
 Teleport Other           Tloc           3%         N/A       36%         3
 Flame Wave               Conj/Fire      3%         2d4       78%         4
 Dispersal                Tloc           1%         N/A       100%        6


Dungeon Overview and Level Annotations

Branches:
Dungeon (6/15)
 Temple: D:4-7

Altars:
Cheibriados
Hepliaklqana
Trog
Uskayaw
Yredelemnul
Zin

Shops:
D:4 =

Annotations:
D:5 2 transporters, lunkers's ghost, novice DjCA
D:6 1 runed translucent door


Message History

You feel sick. The hornet stings you.
You feel yourself slow down.
Unknown command.
You hit the hornet.
The hornet is severely wounded.
You feel sick.
The hornet stings you but does no damage.
The hornet closely misses you. The hornet misses you.
You hit the hornet but do no damage.
The hornet is severely wounded.
You feel yourself speed up.
You feel sick. The hornet stings you.
You feel yourself slow down. The hornet stings you.
You are more poisoned.
You feel as though you will be slow longer.
You miss the hornet.
The hornet is severely wounded.
You feel very sick. The hornet closely misses you. x2
You closely miss the hornet.
The hornet is severely wounded.
You feel sick. The hornet barely misses you.
The hornet stings you but does no damage.
Unknown command.
You closely miss the hornet.
The hornet is severely wounded.
You feel sick. The hornet stings you!
You suddenly lose the ability to move!
The hornet stings you but does no damage.
The hornet stings you!
* * * LOW HITPOINT WARNING * * *
You feel as though you will be slow longer.
You feel sick. The hornet stings you!
* * * LOW HITPOINT WARNING * * *
You feel as though you will be slow longer.
You can move again.
You feel sick. The hornet stings you!
* * * LOW HITPOINT WARNING * * *
You feel as though you will be slow longer.
The hornet misses you.
You feel better. The hornet stings you!
You die...

.... #.>. ...
#... #.## ####
#).# # #))# ##
#..## #. #Yg.# #.
##y#.# # #.
#@.#.# #. .#.
#..##.# #.≈.#.
#.?###.# ####+##)
...#
#.#####........
##.#
###.##...........
##
#................
#........########
###..############
###..# #......


You could see a hornet, an ice beast and a gnoll.

Vanquished Creatures
  A steam dragon (D:6)
  A sky beast (D:6)
  A black bear (D:5)
  2 necrophages (D:6)
  An ogre (D:5)
  A centaur (D:6)
  A bullfrog (D:4)
  A scorpion (D:5)
  A wyvern skeleton (D:6)
  A water moccasin skeleton (D:5)
  5 killer bees (D:5)
  A bullfrog zombie (D:6)
  A centaur skeleton (D:6)
  2 hounds (D:4)
  An orc priest (D:5)
  An iguana (D:6)
  3 adders
  An ufetubus (D:6)
  An adder skeleton (D:4)
  2 dart slugs (D:1)
  5 orcs
  5 bats
  5 endoplasms
  4 giant cockroaches
  4 goblins
  5 hobgoblins
  2 jackals (D:1)
  5 quokkas
  7 ball pythons
  A frilled lizard (D:1)
  3 kobolds
  A rat (D:3)
76 creatures vanquished.

Vanquished Creatures (collateral kills)
  A hydra (D:6)
  A necrophage (D:4)
  An ogre (D:4)
  A centaur (D:6)
  A scorpion (D:4)
  A centaur zombie (D:6)
  A jelly (D:5)
  A bullfrog skeleton (D:6)
  A gnoll shaman (D:6)
  Terence (D:2)
  4 gnolls (D:6)
  A dart slug (D:1)
  2 ball pythons
  A bat (D:1)
  4 endoplasms
  A giant cockroach (D:4)
  A goblin (D:2)
  3 hobgoblins (D:1)
  2 jackals (D:1)
  A quokka (D:4)
  A frilled lizard (D:1)
31 creatures vanquished.

Grand Total: 107 creatures vanquished

Notes
Turn   | Place    | Note
-------+----------+-------------------------------------------
     0 | D:1      | mainiacjoe the Human Summoner began the quest for the Orb.
     0 | D:1      | Reached XP level 1. HP: 13/13 MP: 3/3
    31 | D:1      | You fall into a shaft and drop 1 floor!
   431 | D:1      | Reached XP level 2. HP: 17/19 MP: 1/5
   434 | D:1      | Learned a level 2 spell: Call Imp
   756 | D:1      | Reached XP level 3. HP: 21/24 MP: 3/6
   928 | D:1      | Reached skill level 5 in Summonings
  1052 | D:1      | Learned a level 3 spell: Call Canine Familiar
  1447 | D:1      | Reached XP level 4. HP: 30/30 MP: 4/7
  1637 | D:2      | Noticed Terence
  1742 | D:2      | Killed Terence
  2399 | D:3      | Reached skill level 6 in Summonings
  2399 | D:3      | Reached XP level 5. HP: 35/35 MP: 5/8
  2842 | D:3      | Found a glowing silver altar of Zin.
  2842 | D:3      | Found a bloodstained altar of Trog.
  2845 | D:3      | Found a snail-covered altar of Cheibriados.
  2846 | D:3      | Found a hide-covered altar of Uskayaw.
  2999 | D:4      | Noticed an ogre
  3005 | D:4      | Killed an ogre
  3006 | D:4      | Reached XP level 6. HP: 17/41 MP: 1/9
  3018 | D:4      | Reached skill level 7 in Summonings
  3238 | D:4      | Noticed a necrophage
  3261 | D:4      | Killed a necrophage
  3387 | D:4      | Found the +3 salamander hide armour {Flames rF++ rC--}
  3420 | D:4      | Found Pyunn's Jewellery Shop.
  3479 | D:4      | Reached XP level 7. HP: 46/46 MP: 7/10
  3541 | D:4      | Found a hazy altar of Hepliaklqana.
  3615 | D:4      | Reached skill level 8 in Summonings
  3620 | D:4      | Learned a level 4 spell: Summon Lightning Spire
  3924 | D:5      | Entered Level 5 of the Dungeon
  3991 | D:5      | Reached skill level 1 in Air Magic
  3995 | D:5      | Reached XP level 8. HP: 33/52 MP: 9/12
  4205 | D:5      | Reached skill level 1 in Fighting
  4565 | D:5      | Noticed lunkers's ghost (novice DjCA)
  4574 | D:5      | Found a transporter.
  4587 | D:5      | Found a transporter.
  4769 | D:6      | Noticed an eight-headed hydra
  4784 | D:6      | Killed an eight-headed hydra
  4785 | D:6      | Reached skill level 5 in Dodging
  4785 | D:6      | Reached XP level 9. HP: 16/67 MP: 1/13
  4803 | D:6      | Reached skill level 5 in Fighting
  5160 | D:6      | Found a runed translucent door.
  5318 | D:6      | Found a basalt altar of Yredelemnul.
  5525 | D:6      | Noticed a hornet
  5542 | D:6      | Paralysed by a hornet for 2 turns
  5544 | D:6      | HP: 2/71 [hornet (7)]
  5545 | D:6      | Slain by a hornet

Illustrated notes

Levels and vault maps discovered:
D:1:      eino_arrival_water_star, layout_loops_cross
D:2:      layout_basic, serial_rivers, chequers_serial_rivers_micro_a,
          chequers_serial_rivers_micro_d, chequers_serial_rivers_room_a,
          chequers_serial_rivers_marsh, chequers_serial_rivers_small_3,
          chequers_serial_rivers_large_b, uniq_terence
D:3:      layout_rooms, mainiacjoe_overflow_alcove_3,
          ebering_dispersal_statue_hall, corexii_leaking_fountain
D:4:      layout_cave_pools, lemuel_doored_altar, serial_shops,
          nicolae_shop_statue_plus, nrook_mini_vaults
D:5:      layout_loops_cross, gammafunk_ghost_hive
D:6:      lemuel_ratsnest, layout_rooms, lemuel_zombie_altar_yredelemnul,
          lemuel_temple_firewalk_a, ebering_ghost_reflecting_pool

Skill      XL: |  1  2  3  4  5  6  7  8  9 |
---------------+----------------------------+-----
Summonings     | 5 6 7 8 |  8.0
Spellcasting   | 3 |  3.0
Air Magic      | 3 4 |  4.0
Fighting       | 4 6 |  6.4
Dodging        | 5 6 |  6.8
Stealth        | |  2.0

Action                   |  1- 3 |  4- 6 |  7- 9 || total
-------------------------+-------+-------+-------++-------
Melee: Unarmed           |    11 |       |       ||    11
       Dagger            |    78 |    79 |    60 ||   217
Throw: Stone             |     1 |    42 |    51 ||    94
       Javelin           |       |       |     1 ||     1
 Cast: Summon Small Mamm |    19 |    13 |       ||    32
       Call Imp          |     5 |     7 |     5 ||    17
       Call Canine Famil |       |     5 |     5 ||    10
       Summon Lightning  |       |       |     5 ||     5
Evoke: Wand              |       |       |     2 ||     2
  Use: Scroll            |       |     2 |     3 ||     5
       Potion            |       |     1 |     2 ||     3
 Stab: Sleeping          |     1 |     1 |       ||     2
Armor: Robe              |     6 |       |       ||     6
       Ring mail         |    46 |    46 |       ||    92
       Leather armour    |       |       |    17 ||    17
       Steam dragon scal |       |       |    26 ||    26
Dodge: Dodged            |    57 |    29 |    80 ||   166

Table legend: (Time is in decaauts)
 A = Elapsed time spent in this place.
 B = Non-inter-level travel time spent in this place.
 C = Inter-level travel time spent in this place.
 D = Time resting spent in this place.
 E = Time spent auto-exploring this place.
 F = Levels seen in this place.
 G = Mean time per level.
                   A        B        C        D        E       F      G
               +--------+--------+--------+--------+--------+-----+--------+
         Total |   5621 |   5533 |     88 |    608 |   3719 |   6 |  936.8 |
       Dungeon |   5621 |   5533 |     88 |    608 |   3719 |   6 |  936.8 |
               +--------+--------+--------+--------+--------+-----+--------+

Top non-repeatable levels by time:
     D:1: 1475 daAuts
     D:5: 1068 daAuts
     D:4: 926 daAuts
     D:2: 864 daAuts
     D:3: 724 daAuts
     D:6: 561 daAuts
